 Dungeon Crawl Stone Soup version 0.29.0-4-gdea44cf6ec (webtiles) character file.

Game seed: 3524678050324016762

1201 qw the Cleaver (level 8, -8/70 HPs)
             Began as a Minotaur Fighter on Sept 5, 2022.
             Killed by divine providence
             ... invoked by an orc priest
              (11 damage)
             ... on level 6 of the Dungeon.
             The game lasted 00:02:16 (5533 turns).

qw the Cleaver (Minotaur Fighter)                   Turns: 5533, Time: 00:02:17

Health: -8/70      AC: 16    Str: 22      XL:     8   Next: 21%
Magic:  7/7        EV: 10    Int:  8 (9)  God:
Gold:   475        SH:  4    Dex:  9 (11) Spells: 7/7 levels left

rFire   . . .      SeeInvis .   h - +0 broad axe
rCold   . . .      Faith    .   c - +0 buckler
rNeg    + . .      Spirit   .   e - +6 scale mail of the Stars {rPois rN+ Int+4}
rPois   +          Reflect  .   (helmet restricted)
rElec   .          Harm     .   (no cloak)
rCorr   +          Rampage  .   j - +2 pair of gloves
Will    .....                   (no boots)
Stlth   ..........              g - amulet of regeneration
HPRegen 1.01/turn               b - ring of resist corrosion
MPRegen 0.10/turn               (no ring)

@: about to teleport
A: horns 2, retaliatory headbutt
a: no special abilities


You were on level 6 of the Dungeon.
You visited 2 branches of the dungeon, and saw 7 of its levels.
You also visited: Sewer.

You collected 475 gold pieces.


Innate Abilities, Weirdness & Mutations

You have a pair of horns on your head.
You reflexively headbutt those who attack you in melee.


   Skills:
 - Level 6.0 Fighting
 + Level 10.5 Axes
 - Level 3.6 Armour
 - Level 2.4 Dodging
 - Level 3.6 Shields


You had 7 spell levels left.
You didn't know any spells.
Your spell library was empty.

Inventory:

Hand Weapons
 h - a +0 broad axe (weapon)
 l - a +0 flail
Armour
 c - a +0 buckler (worn)
 e - the +6 scale mail of the Stars (worn) {rPois rN+ Int+4}
   (You found it on level 4 of the Dungeon)

   Int:       It affects your intelligence (+4).
   rPois:     It protects you from poison.
   rN:        It protects you from negative energy.
 i - a +0 plate armour
 j - a +2 pair of gloves (worn)
Jewellery
 b - a ring of resist corrosion (left hand)
 g - an amulet of regeneration (around neck)
Scrolls
 k - 2 scrolls of identify
Potions
 a - a potion of cancellation {unknown}
 d - a potion of might
 f - a potion of mutation
 n - a potion of curing
 o - a potion of haste {unknown}

Dungeon Overview and Level Annotations

Branches:
Dungeon (6/15)             Temple (1/1) D:5           Sewer (visited)

Altars:
Ashenzari
Cheibriados
Dithmenos
Elyvilon
Fedhas
Gozag
Hepliaklqana
Kikubaaqudgha
Makhleb
Nemelex Xobeh
Okawaru
Sif Muna
Trog
Uskayaw
Vehumet
Wu Jian
Yredelemnul
Zin
The Shining One

Annotations:
D:3 3 runed translucent doors, qw's ghost, weakling MiFi
D:4 2 transporters, qw's ghost, amateur FoCA


Message History

The adder is lightly wounded.
An orc priest comes into view. It is wielding a +0 short sword.
The adder bites you but does no damage.
An iguana comes into view.
You slice the adder!!
You kill the adder!
The howler monkey hoots and howls with incredible vigour!
You hear an angry hiss.
You feel your intelligence returning.
You slash the howler monkey!
The howler monkey is moderately wounded.
The howler monkey barely misses you. You furiously retaliate!
You headbutt the howler monkey! You hit the howler monkey.
You kill the howler monkey!
The adder misses you.
An adder comes into view.
You closely miss the adder.
The adder hisses angrily.
The adder closely misses you.
A hound comes into view.
You slash the adder!
The adder is almost dead.
The adder barely misses you. You furiously retaliate!
You headbutt the adder.
You kill the adder!
The orc priest invokes the aid of Beogh against you.
Beogh smites you!
You closely miss the two-headed ogre.
The two-headed ogre hits you with a +0 giant club!!
The two-headed ogre hits you with a +0 giant club!
You slash the two-headed ogre!
The two-headed ogre is lightly wounded.
The two-headed ogre barely misses you.
The two-headed ogre hits you with a +0 giant club!!
5533 ||| READING scroll of teleportation.
As you read the scroll of teleportation, it crumbles to dust.
You feel strangely unstable.
The orc priest calls down the wrath of Beogh upon you.
Beogh smites you!
You die...

. .. ...
.... ..~..
###oo:~.?
#@OoS.~s.
#.#W.)~h?
#.# ..~..
#.# ....
#.## ...
#..## ..
##..### .
##...#####
#........


You could see a two-headed ogre, a phantom, a scorpion, a hound, 2 orc priests,
an adder and an orc.

Vanquished Creatures
  Eustachio (D:4)
  An orc warrior (D:6)
  2 black bears (D:6)
  An ice beast (D:5)
  2 phantoms
  3 scorpions
  A howler monkey (D:6)
  4 iguanas
  8 adders
  A river rat (D:3)
  2 white imps
  2 ufetubi (D:5)
  2 worms
  2 dart slugs
  11 orcs
  4 bats
  11 endoplasms
  5 giant cockroaches
  7 goblins
  5 hobgoblins
  6 jackals
  15 kobolds
  5 quokkas
  7 ball pythons
  A frilled lizard (Sewer)
  10 rats
119 creatures vanquished.

Vanquished Creatures (others)
  A fungus (Sewer)
  3 plants (Sewer)
4 creatures vanquished.

Grand Total: 123 creatures vanquished

Notes
Turn   | Place    | Note
-------+----------+-------------------------------------------
     0 | D:1      | qw the Minotaur Fighter began the quest for the Orb.
     0 | D:1      | Reached XP level 1. HP: 19/19 MP: 0/0
     0 | D:1      | 0 ||| qw: Version: 0.1-a-104-g96f76f8
     0 | D:1      | 0 ||| qw: Game counter: 5935
     0 | D:1      | 0 ||| qw: Always use a shield: true
     0 | D:1      | 0 ||| qw: God list: Ru
     0 | D:1      | 0 ||| qw: Allow faded altars: false
     0 | D:1      | 0 ||| qw: Do Orc after D:15 true
     0 | D:1      | 0 ||| qw: Do second Lair branch before Depths: true
     0 | D:1      | 0 ||| qw: Lair rune preference: random
     0 | D:1      | 0 ||| qw: Plans: Normal
     0 | D:1      | 0 ||| PLANNING D:1-11
   158 | D:1      | Reached skill level 3 in Axes
   190 | D:1      | 190 ||| Stepping ~*~*~tactically~*~*~ (stealth).
   191 | D:1      | 191 ||| Stepping ~*~*~tactically~*~*~ (stealth).
   360 | D:1      | 360 ||| Stepping ~*~*~tactically~*~*~ (stealth).
   362 | D:1      | 362 ||| Stepping ~*~*~tactically~*~*~ (stealth).
   371 | D:1      | Reached XP level 2. HP: 26/26 MP: 1/1
   694 | D:1      | Found a faded altar of an unknown god.
   697 | D:1      | 697 ||| READING scroll labelled FAFIFA ANOTO.
   734 | D:2      | Reached skill level 4 in Axes
   832 | D:2      | Reached XP level 3. HP: 31/31 MP: 2/2
   966 | D:2      | 966 ||| Stepping ~*~*~tactically~*~*~ (hiding).
  1223 | D:2      | 1223 ||| Stepping ~*~*~tactically~*~*~ (stealth).
  1224 | D:2      | 1224 ||| Stepping ~*~*~tactically~*~*~ (stealth).
  1230 | D:2      | 1230 ||| Stepping ~*~*~tactically~*~*~ (stealth).
  1237 | D:2      | 1237 ||| Stepping ~*~*~tactically~*~*~ (stealth).
  1294 | D:2      | 1294 ||| UPGRADING to +0 chain mail.
  1304 | D:2      | 1304 ||| DROPPING +0 scale mail.
  1305 | D:2      | 1305 ||| UPGRADING to +0 pair of gloves.
  1310 | D:2      | 1310 ||| READING scroll labelled ZASHYE WIOXT.
  1311 | D:2      | 1311 ||| READING scroll labelled JOYSSI RIKHLAEFE.
  1312 | D:2      | 1312 ||| DRINKING 2 smoky coppery potions.
  1370 | D:2      | 1370 ||| DROPPING potion of lignification.
  1395 | D:3      | 1395 ||| PLANNING SEWER
  1401 | D:3      | 1401 ||| Stepping ~*~*~tactically~*~*~ (stealth).
  1402 | D:3      | 1402 ||| Stepping ~*~*~tactically~*~*~ (stealth).
  1433 | D:3      | Reached skill level 5 in Axes
  1487 | D:3      | 1487 ||| UPGRADING to ring of resist corrosion.
  1488 | D:3      | 1488 ||| Stepping randomly (stuck).
  1496 | D:3      | Reached XP level 4. HP: 39/39 MP: 3/3
  1594 | D:3      | Reached skill level 1 in Dodging
  1692 | D:3      | 1692 ||| DROPPING +0 club.
  1815 | D:3      | Found a runed translucent gate.
  1815 | D:3      | Found a runed translucent gate.
  1816 | D:3      | Found a runed translucent gate.
  1820 | D:3      | Noticed qw's ghost (weakling MiFi)
  1959 | D:3      | Found a glowing drain.
  1967 | D:3      | 1967 ||| READING scroll labelled AHAIPS FEANO.
  1968 | D:3      | 1968 ||| READING 2 scrolls labelled PYWNOMP DUYCEJ.
  1969 | D:3      | 1969 ||| READING scroll labelled TAOTIGE YCIA.
  1970 | D:3      | 1970 ||| DRINKING 2 metallic sapphire potions.
  2071 | D:3      | 2071 ||| DROPPING scroll of immolation.
  2072 | D:3      | 2072 ||| DROPPING potion of ambrosia.
  2078 | Sewer    | Entered a sewer
  2175 | Sewer    | Reached skill level 6 in Axes
  2325 | Sewer    | 2325 ||| READING scroll labelled GEHUID MUUM DEMI.
  2326 | Sewer    | 2326 ||| READING 3 scrolls of identify.
  2326 | Sewer    | 2326 ||| IDENTIFYING fizzy purple potion
  2327 | Sewer    | 2327 ||| READING 2 scrolls of identify.
  2327 | Sewer    | 2327 ||| IDENTIFYING golden potion
  2328 | Sewer    | 2328 ||| DROPPING potion of invisibility.
  2329 | Sewer    | 2329 ||| DROPPING potion of flight.
  2337 | D:3      | 2337 ||| PLANNING D:1-11
  2678 | D:3      | 2678 ||| READING scroll labelled YTWICKUOSM.
  2738 | D:3      | 2738 ||| READING scroll labelled TAILOZAPSU.
  2855 | D:4      | Identified the +6 scale mail of the Stars {rPois rN+ Int+4}
  2870 | D:4      | 2870 ||| Stepping ~*~*~tactically~*~*~ (stealth).
  2878 | D:4      | HP: 9/39 [iguana (5)]
  2880 | D:4      | Reached XP level 5. HP: 7/45 MP: 4/4
  3164 | D:4      | Reached skill level 7 in Axes
  3165 | D:4      | HP: 11/45 [poisoned by a scorpion]
  3170 | D:4      | HP: 6/45 [poisoned by a scorpion]
  3270 | D:4      | 3270 ||| FLEEEEING.
  3451 | D:4      | 3451 ||| Stepping ~*~*~tactically~*~*~ (stealth).
  3457 | D:4      | Reached XP level 6. HP: 52/52 MP: 5/5
  3476 | D:4      | 3476 ||| Stepping ~*~*~tactically~*~*~ (hiding).
  3479 | D:4      | 3479 ||| Stepping ~*~*~tactically~*~*~ (hiding).
  3480 | D:4      | 3480 ||| Stepping ~*~*~tactically~*~*~ (hiding).
  3557 | D:4      | 3557 ||| Stepping ~*~*~tactically~*~*~ (stealth).
  3739 | D:4      | Found a transporter.
  3742 | D:4      | Noticed qw's ghost (amateur FoCA)
  3743 | D:4      | Found a transporter.
  3774 | D:4      | 3774 ||| Stepping ~*~*~tactically~*~*~ (stealth).
  3883 | D:4      | Noticed Eustachio
  3884 | D:4      | 3884 ||| Stepping ~*~*~tactically~*~*~ (stealth).
  3906 | D:4      | 3906 ||| Stepping ~*~*~tactically~*~*~ (hiding).
  3908 | D:4      | 3908 ||| FLEEEEING.
  3909 | D:4      | 3909 ||| FLEEEEING.
  3924 | D:4      | Killed Eustachio
  3925 | D:4      | Reached skill level 8 in Axes
  4195 | D:4      | Reached skill level 9 in Axes
  4195 | D:4      | Reached XP level 7. HP: 57/59 MP: 6/6
  4205 | D:4      | 4205 ||| UPGRADING to +6 scale mail of the Stars {rPois rN+
                  | Int+4}.
  4215 | D:4      | 4215 ||| DROPPING +0 chain mail.
  4216 | D:4      | 4216 ||| READING scroll labelled EDAHAA DEUPIAS.
  4217 | D:4      | 4217 ||| READING 5 scrolls of identify.
  4217 | D:4      | 4217 ||| IDENTIFYING murky coppery potion
  4218 | D:4      | 4218 ||| READING 4 scrolls of identify.
  4218 | D:4      | 4218 ||| IDENTIFYING sedimented black potion
  4219 | D:4      | 4219 ||| READING 3 scrolls of identify.
  4219 | D:4      | 4219 ||| IDENTIFYING silvery potion
  4220 | D:4      | 4220 ||| READING 2 scrolls of identify.
  4220 | D:4      | 4220 ||| IDENTIFYING white potion
  4221 | D:4      | 4221 ||| DROPPING potion of magic.
  4256 | D:5      | Entered Level 5 of the Dungeon
  4524 | D:5      | 4524 ||| READING scroll of enchant armour.
  4524 | D:5      | 4524 ||| ENCHANTING +0 pair of gloves.
  4776 | D:5      | Found a staircase to the Ecumenical Temple.
  4777 | D:5      | 4777 ||| PLANNING TEMPLE
  4777 | D:5      | 4777 ||| UPGRADING to amulet of regeneration.
  4782 | D:5      | 4782 ||| DRINKING 3 red potions.
  4783 | D:5      | 4783 ||| DROPPING 2 potions of degeneration.
  4798 | Temple   | Entered the Ecumenical Temple
  4863 | Temple   | 4863 ||| PLANNING D:1-11
  4916 | D:5      | 4916 ||| READING scroll of enchant armour.
  4916 | D:5      | 4916 ||| ENCHANTING +1 pair of gloves.
  5010 | D:5      | 5010 ||| FLEEEEING.
  5014 | D:5      | 5014 ||| FLEEEEING.
  5015 | D:5      | 5015 ||| FLEEEEING.
  5022 | D:5      | 5022 ||| FLEEEEING.
  5023 | D:5      | 5023 ||| FLEEEEING.
  5024 | D:5      | 5024 ||| FLEEEEING.
  5221 | D:6      | Found a basalt altar of Yredelemnul.
  5252 | D:6      | HP: 13/61 [orc warrior/+0 broad axe (9)]
  5253 | D:6      | 5253 ||| DRINKING potion of heal wounds.
  5257 | D:6      | HP: 12/61 [orc warrior/+0 broad axe (9)]
  5258 | D:6      | HP: 5/61 [orc warrior/+0 broad axe (8)]
  5263 | D:6      | Reached skill level 10 in Axes
  5352 | D:6      | 5352 ||| SWAPPING to +0 broad axe.
  5353 | D:6      | 5353 ||| DROPPING +1 war axe.
  5406 | D:6      | Reached skill level 6 in Fighting
  5406 | D:6      | Reached XP level 8. HP: 50/70 MP: 7/7
  5524 | D:6      | Noticed a two-headed ogre
  5532 | D:6      | HP: 2/70 [two-headed ogre/+0 giant club (19)]
  5533 | D:6      | 5533 ||| READING scroll of teleportation.
  5533 | D:6      | Killed from afar by an orc priest

Levels and vault maps discovered:
D:1:      matt_arrival_los_fun, layout_rooms, chequers_ecumenical_altar_lobes
D:2:      layout_rooms
D:3:      layout_loops_ring, gammafunk_ghost_necromancy,
          gup_sewer_entry_bubbles, minmay_misc_feat_pillars
D:4:      minmay_wonky_spiral, layout_loops_ring, gammafunk_ghost_smash,
          uniq_eustachio
D:5:      layout_cave_pods, minmay_temple_entry_nine_rooms,
          chequers_serial_rivers_small_3, st_stairs_3
D:6:      layout_loops_ring, yredelemnul_altar_generic,
          hangedman_decor_riveting, grunt_potential
Temple:   dpeg_three_leaves_temple

Skill      XL: |  1  2  3  4  5  6  7  8 |
---------------+-------------------------+-----
Axes           | 3 4 5 6 7 9 10 | 10.5
Dodging        | 1 2 |  2.4
Fighting       | 4 6 |  6.0
Armour         | |  3.6
Shields        | |  3.6

Action                   |  1- 3 |  4- 6 |  7- 9 || total
-------------------------+-------+-------+-------++-------
Melee: War axe           |    65 |   139 |    71 ||   275
       Headbutt          |     4 |    13 |    12 ||    29
       Broad axe         |       |       |    18 ||    18
Throw: Boomerang         |       |    36 |       ||    36
  Use: Scroll            |     3 |     8 |     8 ||    19
       Potion            |     1 |     1 |     2 ||     4
Armor: Scale mail        |    17 |       |    43 ||    60
       Chain mail        |     7 |    58 |       ||    65
Dodge: Dodged            |    30 |    44 |    30 ||   104
Block: Buckler           |    12 |    21 |     9 ||    42

Table legend:
 A = Non-vault XP
 B = Vault XP
 C = Vault XP percentage of total XP
 D = Non-vault monster count
 E = Vault monster count
 F = Vault count percentage of total count
                 A         B        C        D         E       F
            +---------+---------+-------+---------+---------+-------
      Total |    1089 |     627 |  36.5 |      81 |      38 |  31.9
            +---------+---------+-------+---------+---------+-------
        D:1 |      15 |       0 |   0.0 |      10 |       0 |   0.0
        D:2 |      56 |       0 |   0.0 |      16 |       0 |   0.0
        D:3 |      56 |      33 |  37.1 |      18 |       6 |  25.0
        D:4 |     276 |     307 |  52.7 |      21 |       5 |  19.2
        D:5 |     206 |     227 |  52.4 |       7 |       3 |  30.0
        D:6 |     480 |      27 |   5.3 |       9 |       2 |  18.2
      Sewer |       0 |      33 | 100.0 |       0 |      22 | 100.0
            +---------+---------+-------+---------+---------+-------
